AoeStats
← Zumoshi

Arena

507977715Analyzed
1v1 RM · 13d ago on Sep 20, 2026· 44m 36s· 2 players
Game mode
Random Map
Map size
Tiny (2 player)
Population
200
Speed
Normal
Resources
Standard
Victory
Conquest
Starting age
Dark Age
Ending age
Imperial Age
RankedLock teamsTeams togetherTeam positionsShared explorationLock speedFull tech treeHidden civsTurbo modeCheats
Victory
Defeat
🇮🇱 Khmer · Israel
1193
+15
🇪🇸 Tatars · Spain
1170
-15
juanmorenosalamanca
10:42 Feudal Age
14:34 Castle Age
12:38 Double-Bit Axe
13:00 Horse Collar
15:44 Bow Saw
20:03 Heavy Plow
21:52 Wheelbarrow
22:56 Gold Mining
22:59 Stone Mining
23:38 Scale Barding Armor
24:39 Hand Cart
24:47 Husbandry
24:42 Fletching
25:22 Town Watch
25:23 Loom
26:25 Bodkin Arrow
29:43 Imperial Age
27:24 Town Patrol
28:14 Ballistics
28:38 Chain Barding Armor
29:24 Gold Shaft Mining
29:24 Silk Armor
29:51 Bloodlines
31:29 Chemistry
30:07 Heavy Cavalry Archer
31:19 Bracer
31:51 Conscription
32:30 Plate Barding Armor
33:04 Crop Rotation
32:23 Heavy Camel Rider
34:24 Masonry
35:53 Siege Engineers
40:18 Timurid Siegecraft
42:20 Onager
Zumoshi
10:25 Feudal Age
11:58 Loom
14:39 Castle Age
15:25 Double-Bit Axe
16:50 Bow Saw
17:23 Horse Collar
22:46 Wheelbarrow
29:26 Imperial Age
28:26 Hand Cart
28:00 Town Watch
28:49 Gold Mining
28:55 Stone Mining
29:07 Heavy Plow
29:27 Scale Barding Armor
30:10 Ballistics
30:01 Masonry
30:25 Town Patrol
30:54 Double Crossbow
32:00 Crop Rotation
32:21 Husbandry
32:32 Bloodlines
31:43 Light Cavalry
34:17 Chemistry
33:32 Siege Engineers
34:47 Chain Barding Armor
34:38 Hussar
35:44 Conscription
35:55 Heavy Scorpion
37:28 Plate Barding Armor
37:04 Forging
39:57 Hoardings
40:15 Architecture
39:41 Murder Holes
40:26 Iron Casting
39:41 Fletching
44:01 Blast Furnace
45:28 Gold Shaft Mining
Connection lost

Rejoining the realm…

Still unreachable

The connection could not be restored.

Session expired

The server has moved on; the page needs a fresh start.